 Dungeon Sprint DCSS version 0.28-a0-407-g69098e2f6d (webtiles) character file.

Game seed: 14696214832951680415

51 Zeld the Fanfare of Bloodshed (level 3, -5/55 HPs)
             Began as a Deep Dwarf Monk on Sept 5, 2021.
             Was a Believer of Makhleb.
             Slain by a fire elemental (10 damage)
             ... summoned by a deep elf pyromancer
             ... in the Dungeon (Sprint V: "Ziggurat Sprint").
             The game lasted 00:01:25 (230 turns).

Zeld the Fanfare of Bloodshed (Deep Dwarf Monk)      Turns: 230, Time: 00:01:25

Health: -5/55      AC: 20    Str: 27    XL:     3   Next: 57%
Magic:  6/6        EV:  1    Int: 10    God:    Makhleb [**....]
Gold:   0          SH: 16    Dex: 15    Spells: 2/2 levels left

rFire   . . .      SeeInvis .   j - +5 broad axe
rCold   . . .      Faith    .   i - +3 tower shield
rNeg    . . .      Spirit   .   h - +5 crystal plate armour
rPois   .          Reflect  .   (no helmet)
rElec   .          Harm     .   (no cloak)
rCorr   .          Rampage  .   (no gloves)
Will    .....      NoTele   +   (no boots)
Stlth   ..........              (no amulet)
HPRegen 0.00/turn               C - +6 ring of strength
MPRegen 0.10/turn               D - +6 ring of strength

@: berserking, very quick
A: damage resistance, heal wounds, sense surroundings 1, no regeneration
a: Heal Wounds, Renounce Religion, Minor Destruction


You were in the Dungeon.
You worshipped Makhleb.
Makhleb was pleased with you.
You visited 1 branch

Inventory:

Hand Weapons
 j - a +5 broad axe (weapon)
Armour
 h - a +5 crystal plate armour (worn)
 i - a +3 tower shield (worn)
Jewellery
 C - a +6 ring of strength (left hand)
 D - a +6 ring of strength (right hand)
Wands
 u - a wand of mindburst (7)
 v - a wand of iceblast (7)
 w - a wand of acid (7)
Scrolls
 g - 4 scrolls of blinking
 k - 4 scrolls of amnesia
 l - 7 scrolls of fog
 m - a scroll of holy word
 n - 5 scrolls of identify
 o - 2 scrolls of fear
Potions
 b - 10 potions of curing
 c - 10 potions of heal wounds
 d - 6 potions of haste
 e - 7 potions of magic
 f - 2 potions of berserk rage
 p - 2 potions of brilliance
 q - 2 potions of invisibility
 r - 4 potions of resistance
 t - 5 potions of might
Miscellaneous
 E - a lightning rod (4/4)


   Skills:
 * Level 4.6 Fighting
 * Level 4.3 Axes
 + Level 2.9 Armour
 + Level 4.6 Dodging
 - Level 2.4 Stealth
 + Level 2.9 Shields
 - Level 2.6 Unarmed Combat
 * Level 5.2 Invocations


You had 2 spell levels left.
You didn't know any spells.
Your spell library was empty.

Dungeon Overview and Level Annotations

Branches:
Dungeon (1/1)

Altars:
Ashenzari
Cheibriados
Dithmenos
Elyvilon
Fedhas
Gozag
Hepliaklqana
Kikubaaqudgha
Makhleb
Nemelex Xobeh
Okawaru
Qazlal
Ru
Sif Muna
Trog
Uskayaw
Vehumet
Wu Jian
Xom
Yredelemnul
Zin
The Shining One
Beogh
Jiyva
Lugonu

Annotations:
D 1 transporter


Innate Abilities, Weirdness & Mutations

You are resistant to damage.
You can heal yourself by infusing magical energy.
You passively map a small area around you.
You do not regenerate.


Message History

Found a transporter.
The deep elf pyromancer casts a spell.
The deep elf knight hits you with a +0 short sword!
You block the deep elf zephyrmancer's attack.
Okay, then.
A red film seems to cover your vision as you go berserk!
You feel yourself moving faster!
You feel mighty!
The deep elf pyromancer casts a spell at you.
The sticky flame hits you but does no damage.
You are covered in liquid flames!
The deep elf knight hits you with a +0 short sword!
The deep elf zephyrmancer gestures wildly while chanting.
The deep elf zephyrmancer blinks!
Your shield prevents you from hitting the deep elf knight.
You slash the deep elf pyromancer!
You are covered in liquid flames!
The deep elf pyromancer hits you but does no damage.
The fire elemental hits you. The fire elemental burns you!
You block the deep elf knight's attack.
You completely miss the deep elf knight.
You slash the fire elemental!
You closely miss the deep elf zephyrmancer.
You hit the deep elf pyromancer.
You are covered in liquid flames!
* * * LOW HITPOINT WARNING * * *
The fire elemental hits you. The fire elemental burns you!
* * * LOW HITPOINT WARNING * * *
You block the deep elf pyromancer's attack.
The deep elf zephyrmancer hits you but does no damage.
The deep elf knight hits you with a +0 short sword!
* * * LOW HITPOINT WARNING * * *
The deep elf knight blocks your attack.
You barely miss the fire elemental. You slash the deep elf zephyrmancer!
You slash the deep elf pyromancer! The fire elemental hits you.
The fire elemental burns you!
* * * LOW HITPOINT WARNING * * *
The deep elf pyromancer hits you but does no damage.
You block the deep elf knight's attack.
You block the deep elf zephyrmancer's attack.
The fire elemental hits you. The fire elemental burns you!
You die...

* ▓▓▓▓▓▓▓▓▓▓▓▓▓
, ,8©8
▓.8©8.▓.8©8.▓ ,
,,▓.:|).▓.....▓
▓..°..▓.).).▓ ,
, ▓.eeE.▓.....▓
,
,▓.e@..▓..)..▓
* ,
▓.....▓..©..▓ ,
,▓..©..▓▓▓▓▓▓▓
* ▓▓▓▓▓▓▓ , , *
8 ,, , , , ,, ,
,, , * * ,, ,*
,


You could see a deep elf knight, a deep elf pyromancer, a deep elf zephyrmancer
and a fire elemental (summoned).

Vanquished Creatures
  A wight (D)
  A bat zombie (D)
2 creatures vanquished.

Notes
Turn   | Place    | Note
-------+----------+-------------------------------------------
     0 | D        | Zeld the Deep Dwarf Monk began the quest for the Orb.
     0 | D        | Reached XP level 1. HP: 20/20 MP: 1/1
     3 | D        | Found a blossoming altar of Fedhas.
     3 | D        | Found the +6 Majin-Bo {vamp, MP+6 Int+6}
     3 | D        | Found the +9 heavy crossbow "Sniper" {vorpal, Acc+∞ SInv}
     3 | D        | Found the +10 dark maul {vorpal}
     3 | D        | Found the +15 Maxwell's patent armour {-Cast -Tele rElec
                  | Will+ rCorr}
     3 | D        | Found the +18 shield of the Gong {rElec rN+ Will+ EV-5}
     3 | D        | Found the +14 obsidian axe {vorpal, Mesm Drain Fly SInv}
     3 | D        | Found the +7 great mace "Firestarter" {inner flame, rF++}
     3 | D        | Found the +6 shillelagh "Devastator" {shatter}
     3 | D        | Found the +11 plutonium sword {Contam Stlth-}
     3 | D        | Found the +8 lance "Wyrmbane" {slay drac, rPois rF+ rC+
                  | AC+3}
     3 | D        | Found the +9 sword of Zonguldrok {reap}
     3 | D        | Found the +13 scythe of Curses {drain, Drain}
     3 | D        | Found the +5 sword of Power {vorpal}
     3 | D        | Found the +7 mace of Variability {chain chaos}
     3 | D        | Found the +7 Singing Sword {vorpal, sonic wave}
     3 | D        | Found the +8 storm bow {elec, penet}
     5 | D        | Found a viscous altar of Jiyva.
     5 | D        | Found a hazy altar of Hepliaklqana.
     5 | D        | Found a transporter.
     5 | D        | Found an opulent altar of Gozag.
     5 | D        | Found an ancient bone altar of Kikubaaqudgha.
     5 | D        | Found a corrupted altar of Lugonu.
    10 | D        | Found a burning altar of Makhleb.
    11 | D        | Found a stormy altar of Qazlal.
    11 | D        | Found a sacrificial altar of Ru.
    11 | D        | Found an iron altar of Okawaru.
    11 | D        | Found a shimmering blue altar of Sif Muna.
    11 | D        | Found a sparkling altar of Nemelex Xobeh.
    11 | D        | Found a bloodstained altar of Trog.
    60 | D        | Became a worshipper of Makhleb the Destroyer
    60 | D        | Reached * piety under Makhleb
    60 | D        | Reached ** piety under Makhleb
    63 | D        | Reached skill level 4 in Invocations
    63 | D        | Reached XP level 2. HP: 30/30 MP: 1/5
   125 | D        | Entered arena 2.
   125 | D        | Noticed a wight
   125 | D        | Found a transporter.
   128 | D        | Killed a wight
   129 | D        | Reached skill level 5 in Invocations
   129 | D        | Reached XP level 3. HP: 35/37 MP: 6/6
   224 | D        | Entered arena 3.
   224 | D        | Noticed a deep elf pyromancer
   224 | D        | Noticed a deep elf knight
   224 | D        | Noticed a deep elf zephyrmancer
   224 | D        | Found a transporter.
   226 | D        | Noticed a fire elemental
   230 | D        | Slain by a fire elemental

Illustrated notes

Levels and vault maps discovered:
D:        sprint_v [room_start, room_1, room_2, room_3, room_4, room_5, room_6,
          room_7, room_8, room_9, room_10, room_11, room_12, room_13, room_14,
          room_15, room_16, room_17, room_18, room_19, room_20, room_21,
          room_22, room_23, room_24, room_25, room_26, room_27]

Skill      XL: |  1  2 |
---------------+-------+-----
Fighting       | 4 |  4.6
Axes           | 3 4 |  4.3
Armour         | 2 |  2.9
Dodging        | 4 |  4.6
Shields        | 2 |  2.9
Invocations    | 4 5 |  5.2
Stealth        | |  2.4
Unarmed Combat | |  2.6

Action                   || total
-------------------------++-------
Melee: Broad axe         ||     6
  Use: Potion            ||     2
Armor: Crystal plate arm ||    12
Block: Tower shield      ||    10

Table legend: (Time is in decaauts)
 A = Elapsed time spent in this place.
 B = Non-inter-level travel time spent in this place.
 C = Inter-level travel time spent in this place.
 D = Time resting spent in this place.
 E = Time spent auto-exploring this place.
 F = Levels seen in this place.
 G = Mean time per level.
                   A        B        C        D        E       F      G
               +--------+--------+--------+--------+--------+-----+--------+
         Total |    231 |    227 |      4 |     88 |     51 |   1 |  231.0 |
       Dungeon |    231 |    227 |      4 |     88 |     51 |   1 |  231.0 |
               +--------+--------+--------+--------+--------+-----+--------+

Top non-repeatable levels by time:
       D: 231 daAuts
